 Dungeon Crawl Stone Soup version 0.29.1-2-gbd0b4ee654 (webtiles) character file.

Game seed: 4271263038425846700

4 styxcanada the Sneak (level 1, 0/10 HPs)
             Began as a Spriggan Brigand on Oct 29, 2022.
             Slain by a hobgoblin (4 damage)
             ... on level 1 of the Dungeon.
             The game lasted 00:00:30 (47 turns).

styxcanada the Sneak (Spriggan Brigand)               Turns: 47, Time: 00:00:31

Health: 0/10       AC:  3    Str:  7    XL:     1   Next: 58%
Magic:  2/2        EV: 16    Int: 12    God:
Gold:   0          SH:  0    Dex: 16    Spells: 0/0 levels left

rFire   . . .      SeeInvis +   a - +2 dagger
rCold   . . .      Faith    .   (no shield)
rNeg    . . .      Spirit   .   b - +0 robe
rPois   .          Reflect  .   (helmet restricted)
rElec   .          Harm     .   c - +0 cloak
rCorr   .          Rampage  .   (gloves unavailable)
Will    .....                   (boots unavailable)
Stlth   +++.......              (no amulet)
HPRegen 0.03/turn               (no ring)
MPRegen 0.08/turn               (no ring)

@: very quick
A: very small, no large weapons, unfitting armour, see invisible, speed 3
a: no special abilities


You were on level 1 of the Dungeon.
You visited 1 branch of the dungeon, and saw 1 of its levels.

Inventory:

Hand Weapons
 a - a +2 dagger (weapon)
 f - a +0 sling
Missiles
 d - 9 poisoned darts (quivered)
 e - 3 curare-tipped darts
Armour
 b - a +0 robe (worn)
 c - a +0 cloak (worn)


   Skills:
 * Level 1.5 Fighting
 + Level 2.1 Short Blades
 + Level 2.0 Throwing
 * Level 1.7 Dodging
 * Level 6.2 Stealth


You couldn't memorise any spells.
You didn't know any spells.
Your spell library was empty.

Dungeon Overview and Level Annotations

Branches:
Dungeon (1/15)

Altars:


Innate Abilities, Weirdness & Mutations

You are very small and have problems with some larger weapons.
You are too small for most types of armour.
You have supernaturally acute eyesight. (SInv)
You cover ground extremely quickly. (Speed+++)


Message History

You hit the ball python.
You kill the ball python!
You see here a ball python corpse.
A hobgoblin comes into view.
An endoplasm comes into view.
A bat comes into view.
Found a sling.
A rat comes into view.
The bat closely misses you.
You see here a +0 sling.
You hit the bat but do no damage. The bat barely misses you.
A rat comes into view.
The bat barely misses you.
You hit the bat. Your punch misses the bat.
The bat is heavily wounded.
The bat closely misses you.
You hit the bat.
You kill the bat!
The endoplasm quivers.
You hit the rat.
The rat is severely wounded.
The rat misses you.
You hit the rat.
You kill the rat!
The hobgoblin shouts!
Your Stealth skill increases to level 6!
You see here a +0 sling.
f - a +0 sling You hit the endoplasm.
The endoplasm is almost dead.
The endoplasm freezes you.
You are frozen.
Ouch! That really hurt!
You hit the endoplasm.
You kill the endoplasm!
You hit the rat.
You kill the rat!
You completely miss the hobgoblin. The hobgoblin closely misses you.
You barely miss the hobgoblin. The hobgoblin hits you.
You die...

†.##.## #.#.##.#
...#..# #.#.##.#
##....## #.#.##.#
.##....# #.#.##.#
.##....# #.#.##.#
####...# #.#.##.######
.#g#...###...........#
.###........###...##..
..≈#........# ##@.##
.≈~#...####.# ##g.#
≈≈≈#.... ...##...†#
~≈≈#...## #...#...##
≈~≈#...# .......##
≈≈≈#.... #.##.g#
####... .#####


You could see a hobgoblin.

Vanquished Creatures
  A bat (D:1)
  An endoplasm (D:1)
  A ball python (D:1)
  2 rats (D:1)
5 creatures vanquished.

Notes
Turn   | Place    | Note
-------+----------+-------------------------------------------
     0 | D:1      | styxcanada the Spriggan Brigand began the quest for the
                  | Orb.
     0 | D:1      | Reached XP level 1. HP: 10/10 MP: 2/2
    41 | D:1      | Reached skill level 6 in Stealth
    47 | D:1      | Slain by a hobgoblin

Illustrated notes

Levels and vault maps discovered:
D:1:      lordsloth_arrival_two_stooges, layout_basic, serial_aquarium,
          aquarium_bridge_square [aquarium_subvault_window,
          aquarium_subvault_wall, aquarium_subvault_bridge,
          aquarium_subvault_window], aquarium_window_3, aquarium_window_2,
          aquarium_window_fake, aquarium_view_2c, minmay_misc_feat_x,
          minmay_cupped

Skill      XL: |  1 |
---------------+----+-----
Stealth        | 6 |  6.2
Fighting       | |  1.5
Short Blades   | |  2.1
Throwing       | |  2.0
Dodging        | |  1.7

Action                   || total
-------------------------++-------
Melee: Dagger            ||    12
Dodge: Dodged            ||     7
